[ AOE2 MATCH · #481983789 ]
UnrankedRomans vs Malians
[ REPLAY ANALYSIS · EXTRACTED FROM THE RECORDED GAME ]
Feudal
3:48
Castle
8:05
Imperial
12:01
| APM avg | 31.7 |
| APM peak | 187 |
| eAPM avg | 30.8 |
| Villagers / military | 117 / 4 |
Focus
⚔️ 6.9% · 🌾 93.1%
Mangonel ×4
Feudal
5:33
Castle
11:03
Imperial
15:28
| APM avg | 21.8 |
| APM peak | 50 |
| eAPM avg | 19.6 |
| Villagers / military | 107 / 95 |
Focus
⚔️ 10.1% · 🌾 89.9%
Camel Scout ×79 · Gbeto ×15 · Mangonel ×1
Feudal
7:30
Castle
13:22
Imperial
19:36
| APM avg | 10.9 |
| APM peak | 41 |
| eAPM avg | 10.0 |
| Villagers / military | 22 / 0 |
Focus
⚔️ 5.9% · 🌾 94.1%
Feudal
3:59
Castle
11:39
Imperial
—
| APM avg | 9.5 |
| APM peak | 33 |
| eAPM avg | 8.2 |
| Villagers / military | 11 / 7 |
Focus
⚔️ 14.8% · 🌾 85.2%
Fishing Ship ×19 · Longbowman ×7
Feudal
4:40
Castle
8:20
Imperial
14:03
| APM avg | 13.9 |
| APM peak | 22 |
| eAPM avg | 12.7 |
| Villagers / military | 71 / 3 |
Focus
⚔️ 7.6% · 🌾 92.4%
Mangonel ×3
Feudal
5:28
Castle
10:09
Imperial
17:21
| APM avg | 17.5 |
| APM peak | 51 |
| eAPM avg | 15.5 |
| Villagers / military | 85 / 45 |
Focus
⚔️ 11.3% · 🌾 88.7%
Scout Cavalry ×42 · Mangonel ×3
Feudal
4:49
Castle
6:45
Imperial
10:01
| APM avg | 36.1 |
| APM peak | 65 |
| eAPM avg | 26.9 |
| Villagers / military | 53 / 285 |
Focus
⚔️ 33.8% · 🌾 66.2%
Karambit Warrior ×280 · Unknown (759) ×132 · Fishing Ship ×20 · Unknown (2626) ×10 · Galley ×4 · Mangonel ×1
Feudal
3:49
Castle
7:20
Imperial
11:45
| APM avg | 23.4 |
| APM peak | 53 |
| eAPM avg | 20.9 |
| Villagers / military | 34 / 160 |
Focus
⚔️ 37.4% · 🌾 62.6%
Organ Gun ×153 · Mangonel ×7
Match map
Initial resources + every placement click. Lines = walls · curves = elevation contours. ◆ gold · ⬟ stone · ● berries · ✦ relic · ◌ wall gap
Your base· ✓ Map-separated
NoAgendaPODCAST's base· ✓ Map-separated
cyberocioso's base· ✓ Map-separated
goldinggunsandparts's base· ✓ Map-separated
Tiny Hands's base· ✓ Map-separated
duckbuildperson's base· ✓ Map-separated
OhSheeep's base· ✓ Map-separated
ZaySol's base· ✓ Map-separated
Smoothed initial terrain · ◌ = detected wall gap · hover for details
Inputs per minute
— Bionerd92 - - NoAgendaPODCAST
Build order — Bionerd92
First 150 of 296 actions detected
| 0:10 | Build | Lumber Camp |
| 0:14 | Create | Villager (Male) |
| 0:16 | Create | Villager (Male) |
| 0:16 | Create | Villager (Male) |
| 0:16 | Create | Villager (Male) |
| 0:17 | Create | Villager (Male) |
| 0:28 | Build | Mill |
| 1:14 | Build | House |
| 1:30 | Build | Farm |
| 1:32 | Build | Farm |
| 1:37 | Create | Villager (Male) |
| 1:45 | Build | Farm |
| 1:49 | Create | Villager (Male) |
| 1:54 | Build | Farm |
| 1:56 | Build | Farm |
| 2:03 | Create | Villager (Male) |
| 2:16 | Build | House |
| 2:27 | Create | Villager (Male) |
| 2:28 | Create | Villager (Male) |
| 2:31 | Build | House |
| 3:25 | Create | Villager (Male) |
| 3:44 | Build | Farm |
| 3:47 | Research | Feudal Age |
| 3:48 | Age | Feudal Age |
| 3:53 | Create | Villager (Male) |
| 3:54 | Create | Villager (Male) |
| 4:05 | Create | Villager (Male) |
| 4:10 | Build | Market |
| 4:21 | Build | Farm |
| 4:26 | Create | Villager (Male) |
| 4:51 | Build | Blacksmith |
| 4:54 | Create | Villager (Male) |
| 4:59 | Build | Farm |
| 5:12 | Build | Farm |
| 5:16 | Research | Double-Bit Axe |
| 5:19 | Create | Villager (Male) |
| 5:30 | Research | Tech 1687 |
| 5:30 | Research | Tech 1687 |
| 5:42 | Build | Farm |
| 5:52 | Create | Villager (Male) |
| 5:55 | Research | Tech 1688 |
| 6:05 | Create | Villager (Male) |
| 6:14 | Create | Villager (Male) |
| 6:39 | Build | Farm |
| 7:09 | Create | Villager (Male) |
| 7:39 | Create | Villager (Male) |
| 7:43 | Build | Lumber Camp |
| 7:45 | Build | Lumber Camp |
| 7:56 | Build | Farm |
| 8:05 | Research | Castle Age |
| 8:05 | Age | Castle Age |
| 8:07 | Create | Villager (Male) |
| 8:21 | Research | Bow Saw |
| 8:21 | Research | Bow Saw |
| 8:21 | Research | Bow Saw |
| 8:21 | Research | Bow Saw |
| 8:32 | Create | Villager (Male) |
| 8:47 | Create | Villager (Male) |
| 8:51 | Research | Tech 1691 |
| 9:14 | Build | Mill |
| 9:26 | Research | Tech 1692 |
| 9:29 | Research | Tech 1625 |
| 9:29 | Research | Tech 1624 |
| 9:30 | Research | Tech 1624 |
| 9:33 | Research | Horse Collar |
| 9:33 | Research | Horse Collar |
| 9:59 | Build | Lumber Camp |
| 10:21 | Build | Lumber Camp |
| 10:45 | Create | Villager (Male) |
| 11:18 | Create | Villager (Male) |
| 11:22 | Build | University |
| 11:26 | Build | Monastery |
| 12:00 | Research | Imperial Age |
| 12:01 | Age | Imperial Age |
| 12:02 | Research | Wheelbarrow |
| 12:04 | Create | Villager (Male) |
| 12:04 | Create | Villager (Male) |
| 12:16 | Build | Town Center |
| 12:22 | Build | Mining Camp |
| 12:27 | Build | Lumber Camp |
| 12:32 | Create | Villager (Male) |
| 12:32 | Create | Villager (Male) |
| 12:33 | Create | Villager (Male) |
| 12:33 | Create | Villager (Male) |
| 12:33 | Create | Villager (Male) |
| 12:35 | Create | Villager (Male) |
| 12:35 | Create | Villager (Male) |
| 12:43 | Create | Villager (Male) |
| 12:44 | Create | Villager (Male) |
| 12:45 | Create | Villager (Male) |
| 12:57 | Research | Hand Cart |
| 13:18 | Research | Gold Mining |
| 13:19 | Research | Tech 1653 |
| 13:20 | Research | Tech 1654 |
| 13:21 | Research | Gold Shaft Mining |
| 13:22 | Research | Gold Shaft Mining |
| 13:30 | Research | Tech 1677 |
| 13:30 | Research | Tech 1677 |
| 13:42 | Build | Town Center |
| 14:32 | Build | Feitoria |
| 14:35 | Build | Lumber Camp |
| 14:38 | Research | Masonry |
| 14:39 | Research | Tech 1646 |
| 14:40 | Research | Tech 1647 |
| 14:42 | Research | Tech 1699 |
| 14:43 | Research | Tech 1700 |
| 14:45 | Research | Tech 1715 |
| 14:55 | Research | Tech 1678 |
| 15:00 | Research | Tech 1705 |
| 15:04 | Research | Tech 1706 |
| 15:04 | Research | Tech 1706 |
| 15:07 | Create | Villager (Male) |
| 15:09 | Create | Villager (Male) |
| 15:09 | Create | Villager (Male) |
| 15:16 | Create | Villager (Male) |
| 15:16 | Create | Villager (Male) |
| 15:16 | Create | Villager (Male) |
| 15:19 | Create | Villager (Male) |
| 15:22 | Create | Villager (Male) |
| 15:45 | Build | Siege Workshop |
| 15:48 | Research | Siege Engineers |
| 15:49 | Research | Tech 1651 |
| 15:50 | Research | Tech 1652 |
| 15:52 | Research | Ballistics |
| 15:54 | Research | Chemistry |
| 15:58 | Build | Lumber Camp |
| 16:01 | Create | Mangonel |
| 16:10 | Create | Villager (Male) |
| 16:10 | Create | Villager (Male) |
| 16:10 | Create | Villager (Male) |
| 16:11 | Create | Villager (Male) |
| 16:11 | Create | Villager (Male) |
| 16:11 | Create | Villager (Male) |
| 16:12 | Create | Villager (Male) |
| 16:12 | Create | Villager (Male) |
| 16:20 | Research | Onager (upgrade) |
| 16:22 | Create | Mangonel |
| 16:31 | Research | Tech 1716 |
| 16:32 | Research | Town Watch |
| 16:33 | Research | Tech 1612 |
| 16:33 | Research | Tech 1613 |
| 16:34 | Research | Loom |
| 16:34 | Research | Tech 1628 |
| 16:35 | Research | Tech 1629 |
| 16:35 | Research | Tech 1629 |
| 16:41 | Create | Villager (Male) |
| 16:41 | Create | Villager (Male) |
| 16:42 | Create | Villager (Male) |
| 16:42 | Create | Villager (Male) |
| 16:42 | Create | Villager (Male) |
Build order — NoAgendaPODCAST
First 150 of 301 actions detected
| 0:23 | Build | Mill |
| 0:26 | Build | House |
| 0:31 | Build | Lumber Camp |
| 0:33 | Create | Villager (Male) |
| 0:33 | Create | Villager (Male) |
| 0:33 | Create | Villager (Male) |
| 0:34 | Create | Villager (Male) |
| 0:42 | Build | Farm |
| 0:43 | Build | Farm |
| 1:06 | Build | Farm |
| 1:30 | Build | Farm |
| 1:50 | Create | Villager (Male) |
| 1:54 | Build | Farm |
| 2:13 | Create | Villager (Male) |
| 2:15 | Create | Villager (Male) |
| 3:03 | Build | Farm |
| 3:05 | Create | Villager (Male) |
| 3:24 | Create | Villager (Male) |
| 3:32 | Build | Farm |
| 3:34 | Create | Villager (Male) |
| 4:01 | Build | Farm |
| 4:25 | Create | Villager (Male) |
| 4:31 | Research | Feudal Age |
| 5:22 | Build | Farm |
| 5:33 | Age | Feudal Age |
| 5:34 | Research | Wheelbarrow |
| 5:34 | Research | Tech 1699 |
| 5:38 | Research | Town Watch |
| 5:43 | Build | Market |
| 6:01 | Research | Tech 1612 |
| 6:03 | Research | Tech 1613 |
| 6:34 | Research | Double-Bit Axe |
| 6:34 | Research | Tech 1687 |
| 6:50 | Create | Villager (Male) |
| 6:50 | Create | Villager (Male) |
| 7:07 | Create | Villager (Male) |
| 7:54 | Create | Villager (Male) |
| 8:06 | Research | Tech 1700 |
| 8:59 | Create | Villager (Male) |
| 9:06 | Create | Villager (Male) |
| 9:12 | Build | Blacksmith |
| 9:30 | Research | Tech 1688 |
| 9:53 | Build | Lumber Camp |
| 9:59 | Research | Castle Age |
| 10:14 | Build | Lumber Camp |
| 11:03 | Age | Castle Age |
| 11:11 | Research | Coinage |
| 11:14 | Create | Villager (Male) |
| 11:15 | Create | Villager (Male) |
| 11:16 | Create | Villager (Male) |
| 11:22 | Build | Town Center |
| 11:32 | Build | Town Center |
| 11:33 | Create | Villager (Male) |
| 12:08 | Create | Villager (Male) |
| 12:09 | Create | Villager (Male) |
| 12:09 | Create | Villager (Male) |
| 12:23 | Create | Villager (Male) |
| 12:31 | Build | Mining Camp |
| 12:50 | Create | Villager (Male) |
| 12:50 | Create | Villager (Male) |
| 13:06 | Build | Siege Workshop |
| 13:10 | Build | Monastery |
| 13:14 | Create | Villager (Male) |
| 13:14 | Create | Villager (Male) |
| 13:14 | Create | Villager (Male) |
| 13:17 | Research | Stone Mining |
| 13:17 | Research | Tech 1723 |
| 13:18 | Research | Tech 1724 |
| 13:18 | Research | Stone Shaft Mining |
| 13:18 | Research | Stone Shaft Mining |
| 13:19 | Research | Tech 1727 |
| 13:19 | Research | Tech 1728 |
| 13:20 | Research | Gold Mining |
| 13:21 | Research | Tech 1653 |
| 13:21 | Research | Gold Shaft Mining |
| 13:21 | Research | Tech 1654 |
| 13:21 | Research | Tech 1677 |
| 13:22 | Research | Tech 1678 |
| 13:22 | Research | Tech 1678 |
| 13:23 | Research | Bow Saw |
| 13:23 | Research | Tech 1691 |
| 13:24 | Research | Tech 1692 |
| 13:29 | Build | Farm |
| 13:30 | Create | Villager (Male) |
| 13:30 | Create | Villager (Male) |
| 13:31 | Create | Villager (Male) |
| 13:31 | Create | Villager (Male) |
| 13:39 | Build | Mill |
| 13:42 | Create | Villager (Male) |
| 13:49 | Create | Villager (Male) |
| 13:49 | Create | Villager (Male) |
| 14:11 | Research | Imperial Age |
| 14:15 | Research | Loom |
| 14:16 | Research | Tech 1628 |
| 14:24 | Create | Villager (Male) |
| 14:24 | Create | Villager (Male) |
| 14:26 | Create | Villager (Male) |
| 14:26 | Create | Villager (Male) |
| 14:27 | Create | Villager (Male) |
| 14:28 | Create | Villager (Male) |
| 14:59 | Create | Villager (Male) |
| 15:00 | Create | Villager (Male) |
| 15:00 | Create | Villager (Male) |
| 15:11 | Create | Mangonel |
| 15:19 | Build | Castle |
| 15:26 | Create | Villager (Male) |
| 15:27 | Create | Villager (Male) |
| 15:27 | Create | Villager (Male) |
| 15:27 | Create | Villager (Male) |
| 15:28 | Age | Imperial Age |
| 15:30 | Build | Town Center |
| 15:37 | Create | Villager (Male) |
| 15:37 | Create | Villager (Male) |
| 15:37 | Create | Villager (Male) |
| 15:41 | Research | Tech 1705 |
| 15:54 | Build | Town Center |
| 16:18 | Research | Onager (upgrade) |
| 17:15 | Research | Tigui |
| 17:16 | Research | Tech 1806 |
| 17:16 | Research | Tech 1807 |
| 17:22 | Create | Villager (Male) |
| 17:22 | Create | Villager (Male) |
| 17:24 | Create | Villager (Male) |
| 17:24 | Create | Villager (Male) |
| 17:24 | Create | Villager (Male) |
| 17:24 | Create | Villager (Male) |
| 17:25 | Create | Villager (Male) |
| 17:25 | Create | Villager (Male) |
| 17:25 | Create | Villager (Male) |
| 17:26 | Create | Villager (Male) |
| 17:26 | Create | Villager (Male) |
| 17:26 | Create | Villager (Male) |
| 17:27 | Create | Villager (Male) |
| 17:27 | Create | Villager (Male) |
| 17:27 | Create | Villager (Male) |
| 17:28 | Create | Villager (Male) |
| 17:28 | Create | Villager (Male) |
| 17:28 | Create | Villager (Male) |
| 17:32 | Build | Town Center |
| 17:59 | Research | Farimba |
| 18:07 | Research | Tech 1866 |
| 18:07 | Research | Tech 1866 |
| 18:14 | Build | Town Center |
| 18:18 | Build | Barracks |
| 19:00 | Build | Stable |
| 19:14 | Build | Farm |
| 19:15 | Build | Farm |
| 19:16 | Build | Farm |
| 19:17 | Build | Farm |
| 19:18 | Build | Farm |
Build order — cyberocioso
82 actions detected in the replay
| 2:37 | Create | Villager (Male) |
| 2:38 | Create | Villager (Male) |
| 2:38 | Create | Villager (Male) |
| 2:38 | Create | Villager (Male) |
| 2:39 | Create | Villager (Male) |
| 2:49 | Build | Lumber Camp |
| 2:52 | Build | Mill |
| 3:17 | Build | Farm |
| 3:21 | Build | Farm |
| 3:24 | Build | Farm |
| 3:28 | Build | Farm |
| 3:31 | Build | Farm |
| 3:35 | Build | House |
| 4:09 | Create | Villager (Male) |
| 5:42 | Create | Villager (Male) |
| 5:43 | Create | Villager (Male) |
| 6:12 | Build | Farm |
| 6:35 | Build | Farm |
| 6:38 | Research | Feudal Age |
| 7:30 | Age | Feudal Age |
| 7:39 | Research | Wheelbarrow |
| 7:43 | Research | Double-Bit Axe |
| 7:45 | Research | Tech 1687 |
| 8:14 | Research | Tech 1688 |
| 8:20 | Create | Villager (Male) |
| 8:26 | Build | Market |
| 8:29 | Build | Blacksmith |
| 8:43 | Build | Farm |
| 8:45 | Build | Lumber Camp |
| 8:53 | Research | Tech 1699 |
| 9:00 | Create | Villager (Male) |
| 9:25 | Create | Villager (Male) |
| 9:59 | Research | Tech 1700 |
| 10:15 | Research | Town Watch |
| 10:54 | Research | Tech 1612 |
| 10:58 | Create | Villager (Male) |
| 11:25 | Create | Villager (Male) |
| 11:53 | Create | Villager (Male) |
| 12:11 | Research | Castle Age |
| 13:12 | Build | Lumber Camp |
| 13:15 | Build | Lumber Camp |
| 13:22 | Age | Castle Age |
| 13:29 | Build | Monastery |
| 13:33 | Research | Bow Saw |
| 13:36 | Research | Tech 1691 |
| 13:38 | Research | Tech 1692 |
| 13:41 | Research | Fervor |
| 13:44 | Research | Tech 1717 |
| 13:45 | Research | Tech 1718 |
| 13:52 | Research | Hand Cart |
| 13:55 | Research | Tech 1715 |
| 14:15 | Create | Villager (Male) |
| 14:29 | Create | Villager (Male) |
| 14:31 | Create | Villager (Male) |
| 14:38 | Build | Town Center |
| 14:45 | Build | Farm |
| 15:06 | Build | Farm |
| 15:12 | Create | Villager (Male) |
| 16:30 | Create | Villager (Male) |
| 16:31 | Create | Villager (Male) |
| 16:33 | Build | Farm |
| 16:38 | Build | Farm |
| 16:58 | Research | Tech 1716 |
| 17:07 | Build | Town Center |
| 17:20 | Build | Mining Camp |
| 17:23 | Build | Mill |
| 17:28 | Build | Farm |
| 17:31 | Build | Farm |
| 17:56 | Build | University |
| 18:20 | Research | Imperial Age |
| 18:21 | Research | Imperial Age |
| 18:25 | Build | Siege Workshop |
| 18:51 | Build | Watch Tower |
| 19:21 | Create | Villager (Male) |
| 19:21 | Create | Villager (Male) |
| 19:35 | Research | Sanctity |
| 19:35 | Research | Sanctity |
| 19:35 | Research | Tech 1711 |
| 19:36 | Research | Tech 1712 |
| 19:36 | Age | Imperial Age |
| 20:00 | Build | Stone Wall |
| 20:17 | Research | Chemistry |
Build order — goldinggunsandparts
101 actions detected in the replay
| 0:06 | Build | House |
| 0:07 | Build | Mill |
| 0:09 | Create | Villager (Male) |
| 0:10 | Create | Villager (Male) |
| 0:10 | Create | Villager (Male) |
| 0:10 | Create | Villager (Male) |
| 0:12 | Build | House |
| 0:14 | Build | Lumber Camp |
| 0:38 | Build | Farm |
| 0:39 | Build | Farm |
| 0:45 | Build | Farm |
| 1:25 | Build | Farm |
| 1:28 | Build | Farm |
| 2:06 | Build | Farm |
| 3:07 | Research | Feudal Age |
| 3:59 | Age | Feudal Age |
| 4:01 | Build | Market |
| 4:02 | Research | Town Watch |
| 4:07 | Research | Double-Bit Axe |
| 4:08 | Research | Tech 1687 |
| 4:34 | Create | Villager (Male) |
| 4:36 | Create | Villager (Male) |
| 5:28 | Build | Farm |
| 5:32 | Create | Villager (Male) |
| 5:35 | Create | Villager (Male) |
| 5:45 | Research | Tech 1688 |
| 6:04 | Research | Wheelbarrow |
| 7:22 | Research | Tech 1699 |
| 7:32 | Research | Tech 1700 |
| 7:41 | Build | Farm |
| 10:13 | Build | Blacksmith |
| 10:32 | Build | Mining Camp |
| 10:35 | Research | Castle Age |
| 10:45 | Research | Gold Mining |
| 10:45 | Research | Stone Mining |
| 10:45 | Research | Tech 1653 |
| 10:45 | Research | Tech 1723 |
| 10:46 | Research | Tech 1724 |
| 10:46 | Research | Tech 1654 |
| 10:46 | Research | Tech 1724 |
| 10:46 | Research | Tech 1654 |
| 11:39 | Age | Castle Age |
| 11:41 | Build | Town Center |
| 11:47 | Create | Villager (Male) |
| 11:48 | Create | Villager (Male) |
| 11:48 | Create | Villager (Male) |
| 13:04 | Build | Dock |
| 13:10 | Build | Dock |
| 13:27 | Build | Dock |
| 13:33 | Build | Dock |
| 13:34 | Create | Fishing Ship |
| 13:35 | Research | Tech 1960 |
| 13:36 | Research | Tech 1961 |
| 13:36 | Research | Tech 1962 |
| 13:38 | Create | Fishing Ship |
| 13:38 | Create | Fishing Ship |
| 13:39 | Create | Fishing Ship |
| 13:44 | Create | Fishing Ship |
| 13:44 | Create | Fishing Ship |
| 13:44 | Create | Fishing Ship |
| 13:45 | Create | Fishing Ship |
| 13:45 | Create | Fishing Ship |
| 13:45 | Create | Fishing Ship |
| 13:46 | Create | Fishing Ship |
| 13:47 | Create | Fishing Ship |
| 13:48 | Create | Fishing Ship |
| 13:48 | Create | Fishing Ship |
| 13:49 | Create | Fishing Ship |
| 13:49 | Create | Fishing Ship |
| 13:49 | Create | Fishing Ship |
| 13:50 | Create | Fishing Ship |
| 13:50 | Create | Fishing Ship |
| 14:00 | Research | Gold Shaft Mining |
| 14:00 | Research | Tech 1727 |
| 14:00 | Research | Tech 1728 |
| 14:00 | Research | Tech 1677 |
| 14:01 | Research | Tech 1728 |
| 14:01 | Research | Tech 1678 |
| 14:23 | Build | Castle |
| 14:47 | Build | Fish Trap |
| 14:48 | Build | Fish Trap |
| 14:49 | Build | Fish Trap |
| 14:50 | Build | Fish Trap |
| 14:59 | Build | Fish Trap |
| 15:14 | Build | Fish Trap |
| 15:16 | Build | Fish Trap |
| 15:39 | Build | Farm |
| 15:43 | Build | Fish Trap |
| 15:44 | Build | Fish Trap |
| 15:51 | Build | Fish Trap |
| 15:51 | Build | Fish Trap |
| 17:18 | Build | Watch Tower |
| 18:19 | Create | Longbowman |
| 18:19 | Create | Longbowman |
| 18:20 | Create | Longbowman |
| 18:20 | Create | Longbowman |
| 18:21 | Create | Longbowman |
| 18:21 | Create | Longbowman |
| 18:21 | Create | Longbowman |
| 18:57 | Build | Watch Tower |
| 19:13 | Research | Yeomen |
Build order — Tiny Hands
128 actions detected in the replay
| 0:04 | Create | Villager (Male) ×4 |
| 0:11 | Build | House |
| 0:18 | Build | Mill |
| 0:36 | Build | Farm |
| 1:02 | Build | Farm |
| 1:25 | Build | Farm |
| 1:27 | Create | Villager (Male) |
| 1:47 | Build | Farm |
| 1:51 | Create | Villager (Male) |
| 2:11 | Create | Villager (Male) |
| 2:12 | Create | Villager (Male) |
| 2:30 | Build | Farm |
| 2:41 | Build | Farm |
| 2:45 | Create | Villager (Male) |
| 3:19 | Build | Farm |
| 3:22 | Create | Villager (Male) |
| 3:23 | Create | Villager (Male) |
| 3:39 | Build | Farm |
| 3:47 | Create | Villager (Male) |
| 3:52 | Build | Farm |
| 4:07 | Build | Farm |
| 4:24 | Build | Lumber Camp |
| 4:35 | Research | Feudal Age |
| 4:40 | Research | Feudal Age |
| 4:40 | Age | Feudal Age |
| 4:47 | Research | Double-Bit Axe |
| 4:51 | Create | Villager (Male) |
| 4:51 | Create | Villager (Male) |
| 4:58 | Build | Farm |
| 5:04 | Research | Wheelbarrow |
| 5:33 | Create | Villager (Male) |
| 5:46 | Build | Farm |
| 5:52 | Research | Tech 1699 |
| 5:55 | Research | Tech 1687 |
| 5:57 | Research | Tech 1688 |
| 6:05 | Research | Tech 1700 |
| 6:07 | Create | Villager (Male) |
| 6:32 | Build | Market |
| 6:35 | Create | Villager (Male) |
| 7:30 | Create | Villager (Male) |
| 7:31 | Create | Villager (Male) |
| 7:45 | Build | Blacksmith |
| 8:10 | Research | Castle Age |
| 8:20 | Age | Castle Age |
| 8:26 | Research | Hand Cart |
| 9:01 | Research | Bow Saw |
| 9:04 | Create | Villager (Male) |
| 9:21 | Build | Town Center |
| 9:28 | Research | Tech 1691 |
| 9:32 | Research | Tech 1715 |
| 9:40 | Research | Tech 1692 |
| 9:57 | Create | Villager (Male) ×2 |
| 10:29 | Create | Villager (Male) ×4 |
| 10:56 | Build | Farm |
| 11:05 | Build | Farm |
| 11:17 | Research | Tech 1716 |
| 11:19 | Create | Villager (Male) ×4 |
| 11:38 | Build | Mining Camp |
| 11:51 | Research | Stone Mining |
| 11:53 | Research | Tech 1723 |
| 11:54 | Research | Tech 1724 |
| 11:56 | Research | Stone Shaft Mining |
| 11:57 | Research | Tech 1727 |
| 12:03 | Create | Villager (Male) |
| 12:25 | Build | Farm |
| 12:39 | Build | Castle |
| 12:47 | Create | Villager (Male) ×5 |
| 12:47 | Create | Villager (Male) ×5 |
| 13:41 | Build | Barracks |
| 14:03 | Research | Imperial Age |
| 14:03 | Age | Imperial Age |
| 14:08 | Create | Villager (Male) ×5 |
| 14:09 | Create | Villager (Male) ×5 |
| 14:09 | Create | Villager (Male) ×5 |
| 14:31 | Research | Anarchy |
| 14:45 | Build | Farm |
| 14:50 | Create | Villager (Male) ×5 |
| 15:18 | Build | Siege Workshop |
| 15:46 | Research | Guilds |
| 16:30 | Research | Elite Huskarl (upgrade) |
| 17:15 | Research | Perfusion |
| 17:19 | Create | Villager (Male) ×5 |
| 17:19 | Create | Villager (Male) ×5 |
| 17:48 | Build | Lumber Camp |
| 18:08 | Build | Feitoria |
| 18:41 | Create | Mangonel |
| 18:41 | Create | Mangonel |
| 18:42 | Create | Mangonel |
| 19:01 | Build | House |
| 19:02 | Build | House |
| 19:04 | Build | House |
| 19:23 | Research | Tech 1762 |
| 19:26 | Research | Conscription |
| 20:13 | Research | Onager (upgrade) |
| 21:05 | Research | Squires |
| 21:05 | Research | Squires |
| 21:05 | Research | Tech 1701 |
| 21:06 | Research | Tech 1702 |
| 21:07 | Research | Tech 1858 |
| 21:07 | Research | Tech 1859 |
| 21:28 | Build | Town Center |
| 21:38 | Research | Tech 1728 |
| 21:39 | Research | Gold Mining |
| 21:40 | Research | Tech 1653 |
| 21:40 | Research | Tech 1653 |
| 21:41 | Research | Tech 1654 |
| 22:24 | Build | Town Center |
| 22:44 | Build | Feitoria |
| 23:35 | Build | House |
| 23:36 | Build | House |
| 23:38 | Build | House |
| 24:17 | Build | Blacksmith |
| 24:18 | Build | Blacksmith |
| 24:37 | Build | Town Center |
| 24:41 | Research | Forging |
| 24:42 | Research | Tech 1661 |
| 24:43 | Research | Tech 1662 |
| 24:44 | Research | Scale Mail Armor |
| 24:44 | Research | Scale Mail Armor |
| 24:45 | Research | Tech 1663 |
| 24:45 | Research | Tech 1663 |
| 24:45 | Research | Tech 1664 |
| 24:53 | Research | Iron Casting |
| 24:53 | Research | Tech 1869 |
| 24:54 | Research | Tech 1870 |
| 24:55 | Research | Chain Mail Armor |
| 24:55 | Research | Tech 1667 |
| 24:56 | Research | Tech 1668 |
Build order — duckbuildperson
First 150 of 183 actions detected
| 0:03 | Create | Villager (Male) ×4 |
| 0:13 | Build | House |
| 0:25 | Build | Mill |
| 0:42 | Build | Farm |
| 0:43 | Build | Farm |
| 0:44 | Build | Farm |
| 0:57 | Build | Farm |
| 1:30 | Build | Farm |
| 1:34 | Create | Villager (Male) |
| 1:35 | Create | Villager (Male) |
| 1:54 | Create | Villager (Male) |
| 1:56 | Create | Villager (Male) |
| 2:13 | Build | Farm |
| 2:19 | Build | Farm |
| 2:21 | Create | Villager (Male) |
| 2:22 | Create | Villager (Male) |
| 2:41 | Build | Farm |
| 2:44 | Create | Villager (Male) |
| 2:51 | Create | Villager (Male) |
| 2:58 | Create | Villager (Male) |
| 2:59 | Create | Villager (Male) |
| 3:07 | Create | Villager (Male) |
| 3:17 | Build | Lumber Camp |
| 3:20 | Create | Villager (Male) |
| 4:18 | Research | Feudal Age |
| 4:55 | Create | Villager (Male) |
| 4:55 | Create | Villager (Male) |
| 4:55 | Create | Villager (Male) |
| 5:28 | Age | Feudal Age |
| 5:30 | Build | Market |
| 5:33 | Research | Tech 1625 |
| 5:37 | Research | Double-Bit Axe |
| 5:46 | Research | Tech 1624 |
| 5:47 | Research | Horse Collar |
| 6:16 | Create | Villager (Male) |
| 6:18 | Research | Tech 1687 |
| 6:19 | Research | Tech 1688 |
| 7:10 | Build | Lumber Camp |
| 7:18 | Build | Farm |
| 7:20 | Build | Farm |
| 7:25 | Create | Villager (Male) |
| 7:41 | Create | Villager (Male) |
| 7:41 | Create | Villager (Male) |
| 7:42 | Create | Villager (Male) |
| 7:42 | Create | Villager (Male) |
| 7:42 | Create | Villager (Male) |
| 8:14 | Build | Lumber Camp |
| 8:22 | Build | Farm |
| 8:34 | Build | Blacksmith |
| 8:52 | Research | Castle Age |
| 9:53 | Research | Wheelbarrow |
| 9:54 | Research | Tech 1699 |
| 10:09 | Age | Castle Age |
| 10:12 | Build | Town Center |
| 10:20 | Build | Town Center |
| 10:40 | Create | Villager (Male) |
| 10:41 | Create | Villager (Male) |
| 10:46 | Research | Bow Saw |
| 10:55 | Build | Farm |
| 11:04 | Build | Lumber Camp |
| 11:13 | Build | Farm |
| 11:15 | Create | Villager (Male) |
| 11:16 | Create | Villager (Male) |
| 11:16 | Create | Villager (Male) |
| 11:17 | Create | Villager (Male) |
| 11:20 | Create | Villager (Male) |
| 11:20 | Create | Villager (Male) |
| 11:21 | Create | Villager (Male) |
| 11:26 | Create | Villager (Male) |
| 11:26 | Create | Villager (Male) |
| 11:27 | Create | Villager (Male) |
| 11:27 | Create | Villager (Male) |
| 11:49 | Research | Tech 1691 |
| 12:01 | Research | Tech 1692 |
| 12:12 | Create | Villager (Male) |
| 12:13 | Create | Villager (Male) |
| 12:19 | Create | Villager (Male) |
| 12:28 | Build | Farm |
| 13:05 | Build | Lumber Camp |
| 13:07 | Create | Villager (Male) |
| 13:07 | Create | Villager (Male) |
| 13:08 | Create | Villager (Male) |
| 13:08 | Create | Villager (Male) |
| 13:08 | Create | Villager (Male) |
| 13:09 | Create | Villager (Male) |
| 13:09 | Create | Villager (Male) |
| 13:09 | Create | Villager (Male) |
| 13:10 | Create | Villager (Male) |
| 13:10 | Create | Villager (Male) |
| 13:10 | Create | Villager (Male) |
| 13:44 | Create | Villager (Male) |
| 13:44 | Create | Villager (Male) |
| 13:55 | Build | Market |
| 14:16 | Build | Lumber Camp |
| 14:36 | Build | Castle |
| 14:48 | Create | Villager (Male) |
| 14:53 | Research | Hand Cart |
| 14:54 | Research | Tech 1700 |
| 14:55 | Research | Tech 1715 |
| 14:56 | Research | Tech 1716 |
| 14:57 | Create | Villager (Male) |
| 14:58 | Create | Villager (Male) |
| 14:58 | Create | Villager (Male) |
| 15:00 | Research | Town Watch |
| 15:00 | Research | Tech 1612 |
| 15:01 | Research | Tech 1613 |
| 15:02 | Create | Villager (Male) |
| 15:03 | Create | Villager (Male) |
| 15:04 | Create | Villager (Male) |
| 15:05 | Create | Villager (Male) |
| 15:06 | Create | Villager (Male) |
| 15:07 | Create | Villager (Male) |
| 15:07 | Create | Villager (Male) |
| 15:07 | Create | Villager (Male) |
| 15:31 | Research | Tech 1623 |
| 15:32 | Research | Tech 1622 |
| 15:33 | Research | Heavy Plow |
| 15:45 | Research | Imperial Age |
| 15:45 | Research | Tech 1613 |
| 15:55 | Build | Lumber Camp |
| 15:59 | Research | Loom |
| 16:00 | Research | Tech 1628 |
| 16:01 | Research | Tech 1629 |
| 16:03 | Create | Villager (Male) ×2 |
| 16:17 | Build | Farm |
| 16:18 | Build | Farm |
| 16:19 | Build | Farm |
| 16:20 | Build | Farm |
| 16:31 | Research | Stronghold |
| 16:38 | Research | Tech 1770 |
| 16:39 | Research | Tech 1771 |
| 16:50 | Create | Villager (Male) ×5 |
| 17:21 | Age | Imperial Age |
| 17:30 | Research | Furor Celtica |
| 17:43 | Research | Guilds |
| 17:49 | Create | Villager (Male) ×5 |
| 17:49 | Create | Villager (Male) ×4 |
| 17:55 | Build | Mill |
| 19:00 | Research | Tech 1608 |
| 19:19 | Build | Siege Workshop |
| 19:31 | Research | Conscription |
| 19:32 | Research | Tech 1733 |
| 19:33 | Research | Tech 1734 |
| 19:46 | Research | Onager (upgrade) |
| 19:47 | Create | Mangonel |
| 19:47 | Create | Mangonel |
| 19:48 | Create | Mangonel |
| 20:02 | Build | Lumber Camp |
| 20:06 | Create | Villager (Male) |
| 20:07 | Create | Villager (Male) |
Build order — OhSheeep
First 150 of 316 actions detected
| 0:05 | Build | House |
| 0:06 | Create | Villager (Male) |
| 0:07 | Create | Villager (Male) |
| 0:07 | Create | Villager (Male) |
| 0:07 | Create | Villager (Male) |
| 0:07 | Create | Villager (Male) |
| 0:13 | Build | Lumber Camp |
| 0:58 | Build | Mill |
| 1:22 | Build | Farm |
| 1:59 | Build | Mill |
| 2:17 | Create | Villager (Male) |
| 2:18 | Create | Villager (Male) |
| 2:38 | Create | Villager (Male) |
| 2:38 | Create | Villager (Male) |
| 2:38 | Create | Villager (Male) |
| 2:53 | Create | Villager (Male) |
| 2:54 | Create | Villager (Male) |
| 3:03 | Create | Villager (Male) |
| 3:03 | Create | Villager (Male) |
| 3:08 | Create | Villager (Male) |
| 3:09 | Create | Villager (Male) |
| 3:26 | Create | Villager (Male) |
| 3:26 | Create | Villager (Male) |
| 3:26 | Create | Villager (Male) |
| 3:43 | Build | Dock |
| 3:45 | Create | Villager (Male) |
| 3:46 | Create | Villager (Male) |
| 3:46 | Create | Villager (Male) |
| 3:59 | Create | Villager (Male) |
| 4:05 | Create | Fishing Ship |
| 4:05 | Create | Fishing Ship |
| 4:06 | Create | Fishing Ship |
| 4:12 | Create | Villager (Male) |
| 4:13 | Create | Villager (Male) |
| 4:13 | Create | Villager (Male) |
| 4:36 | Research | Feudal Age |
| 4:36 | Research | Feudal Age |
| 4:49 | Age | Feudal Age |
| 4:53 | Build | Fish Trap |
| 4:56 | Create | Fishing Ship |
| 4:57 | Create | Villager (Male) |
| 4:58 | Create | Villager (Male) |
| 5:00 | Build | Market |
| 5:15 | Create | Villager (Male) |
| 5:32 | Build | Blacksmith |
| 5:39 | Build | Fish Trap |
| 6:13 | Build | Fish Trap |
| 6:17 | Create | Fishing Ship |
| 6:17 | Create | Fishing Ship |
| 6:18 | Create | Fishing Ship |
| 6:44 | Research | Castle Age |
| 6:45 | Age | Castle Age |
| 6:55 | Build | Siege Workshop |
| 7:17 | Build | Monastery |
| 7:37 | Build | Fish Trap |
| 7:44 | Build | Fish Trap |
| 8:06 | Create | Villager (Male) |
| 8:06 | Create | Villager (Male) |
| 8:26 | Build | Fish Trap |
| 8:29 | Create | Villager (Male) |
| 8:29 | Create | Villager (Male) |
| 8:41 | Create | Villager (Male) |
| 8:41 | Create | Villager (Male) |
| 9:12 | Create | Fishing Ship |
| 9:13 | Create | Fishing Ship |
| 9:13 | Create | Fishing Ship |
| 9:13 | Create | Fishing Ship |
| 9:15 | Create | Fishing Ship |
| 9:15 | Create | Fishing Ship |
| 9:25 | Build | Dock |
| 10:00 | Research | Imperial Age |
| 10:01 | Age | Imperial Age |
| 10:02 | Create | Villager (Male) |
| 10:02 | Create | Villager (Male) |
| 10:04 | Create | Mangonel |
| 10:10 | Build | Fish Trap |
| 10:15 | Build | Lumber Camp |
| 10:24 | Create | Fishing Ship |
| 10:24 | Create | Fishing Ship |
| 10:25 | Create | Fishing Ship ×5 |
| 10:44 | Build | Fish Trap |
| 11:01 | Build | Barracks |
| 11:12 | Build | Fish Trap |
| 11:17 | Build | Fish Trap |
| 11:27 | Research | Onager (upgrade) |
| 11:27 | Research | Onager (upgrade) |
| 11:59 | Research | Squires |
| 12:00 | Research | Squires |
| 12:09 | Build | Fish Trap |
| 12:39 | Build | Fish Trap |
| 12:42 | Build | Fish Trap |
| 12:45 | Build | Fish Trap |
| 13:08 | Create | Villager (Male) |
| 13:08 | Research | Town Watch |
| 13:09 | Research | Town Watch |
| 13:09 | Research | Tech 1612 |
| 13:09 | Research | Tech 1612 |
| 13:26 | Research | Man-at-Arms (upgrade) |
| 13:26 | Research | Man-at-Arms (upgrade) |
| 13:36 | Build | Outpost |
| 13:38 | Research | Town Patrol |
| 13:46 | Build | Fish Trap |
| 13:50 | Build | Fish Trap |
| 13:53 | Build | Fish Trap |
| 14:18 | Build | Lumber Camp |
| 14:21 | Build | House |
| 14:25 | Build | House |
| 14:27 | Create | Villager (Male) |
| 14:27 | Create | Villager (Male) |
| 14:29 | Research | Wheelbarrow |
| 14:30 | Research | Wheelbarrow |
| 14:59 | Build | Feitoria |
| 15:17 | Build | Lumber Camp |
| 15:25 | Research | Long Swordsman (upgrade) |
| 15:25 | Research | Long Swordsman (upgrade) |
| 15:26 | Research | Tech 1701 |
| 15:27 | Research | Tech 1702 |
| 15:28 | Research | Tech 1702 |
| 15:36 | Build | Barracks |
| 15:38 | Build | Barracks |
| 15:48 | Build | Fish Trap |
| 15:51 | Build | Fish Trap |
| 15:56 | Build | Blacksmith |
| 16:04 | Create | Unit 759 |
| 16:06 | Create | Unit 759 |
| 16:06 | Create | Unit 759 |
| 16:07 | Create | Unit 759 |
| 16:07 | Create | Unit 759 |
| 16:14 | Create | Unit 759 ×5 |
| 16:14 | Create | Unit 759 ×5 |
| 16:20 | Create | Unit 759 ×5 |
| 16:20 | Create | Unit 759 ×5 |
| 16:28 | Build | Barracks |
| 16:32 | Create | Unit 759 ×5 |
| 16:33 | Create | Unit 759 ×5 |
| 16:33 | Create | Unit 759 ×5 |
| 16:36 | Create | Unit 759 ×2 |
| 16:46 | Create | Unit 759 |
| 16:46 | Create | Unit 759 ×5 |
| 16:47 | Create | Unit 759 ×5 |
| 17:08 | Research | Hand Cart |
| 17:08 | Research | Hand Cart |
| 17:09 | Research | Tech 1699 |
| 17:09 | Research | Loom |
| 17:10 | Research | Loom |
| 17:17 | Create | Unit 759 |
| 17:17 | Create | Unit 759 |
| 17:18 | Create | Unit 759 |
| 17:23 | Create | Unit 759 ×5 |
| 17:23 | Create | Unit 759 ×5 |
Build order — ZaySol
First 150 of 306 actions detected
| 0:03 | Build | House |
| 0:03 | Create | Villager (Male) |
| 0:04 | Create | Villager (Male) |
| 0:04 | Create | Villager (Male) |
| 0:09 | Build | Lumber Camp |
| 0:44 | Build | Mill |
| 1:00 | Build | Farm |
| 1:00 | Create | Villager (Male) |
| 1:09 | Build | Farm |
| 1:25 | Build | Farm |
| 1:45 | Create | Villager (Male) |
| 1:45 | Create | Villager (Male) |
| 1:57 | Build | Farm |
| 2:01 | Create | Villager (Male) |
| 2:10 | Build | Farm |
| 2:14 | Build | Farm |
| 2:22 | Create | Villager (Male) |
| 2:27 | Build | Farm |
| 2:46 | Build | Farm |
| 2:54 | Create | Villager (Male) |
| 3:16 | Create | Villager (Male) |
| 3:38 | Research | Feudal Age |
| 3:49 | Age | Feudal Age |
| 3:52 | Research | Double-Bit Axe |
| 3:52 | Research | Double-Bit Axe |
| 3:56 | Research | Tech 1687 |
| 4:01 | Create | Villager (Male) |
| 4:16 | Create | Villager (Male) |
| 4:22 | Research | Tech 1688 |
| 4:35 | Build | Market |
| 4:38 | Create | Villager (Male) |
| 4:47 | Create | Villager (Male) |
| 5:22 | Create | Villager (Male) |
| 5:23 | Create | Villager (Male) |
| 5:30 | Build | Farm |
| 5:37 | Create | Villager (Male) |
| 5:37 | Create | Villager (Male) |
| 5:37 | Create | Villager (Male) |
| 6:34 | Build | Lumber Camp |
| 7:10 | Build | Blacksmith |
| 7:20 | Research | Castle Age |
| 7:20 | Research | Castle Age |
| 7:20 | Age | Castle Age |
| 7:24 | Create | Villager (Male) |
| 7:32 | Build | Farm |
| 7:43 | Research | Bow Saw |
| 7:44 | Research | Bow Saw |
| 7:55 | Create | Villager (Male) |
| 7:55 | Create | Villager (Male) |
| 7:59 | Create | Villager (Male) |
| 7:59 | Create | Villager (Male) |
| 8:01 | Build | Farm |
| 8:15 | Research | Tech 1691 |
| 8:16 | Research | Tech 1691 |
| 8:34 | Research | Tech 1692 |
| 8:34 | Research | Tech 1692 |
| 8:37 | Create | Villager (Male) |
| 8:44 | Build | Lumber Camp |
| 8:49 | Research | Town Watch |
| 8:50 | Research | Town Watch |
| 8:52 | Research | Tech 1612 |
| 8:53 | Research | Tech 1612 |
| 9:01 | Create | Villager (Male) |
| 9:11 | Build | Mill |
| 9:13 | Build | Farm |
| 9:25 | Create | Villager (Male) |
| 9:41 | Build | Farm |
| 9:45 | Create | Villager (Male) |
| 9:45 | Create | Villager (Male) |
| 10:01 | Build | Siege Workshop |
| 10:29 | Build | Farm |
| 10:35 | Build | Farm |
| 10:41 | Create | Mangonel |
| 10:53 | Create | Villager (Male) |
| 11:18 | Build | Monastery |
| 11:19 | Create | Villager (Male) |
| 11:39 | Research | Imperial Age |
| 11:45 | Age | Imperial Age |
| 11:57 | Build | Lumber Camp |
| 12:18 | Build | Feitoria |
| 12:23 | Create | Villager (Male) |
| 12:30 | Build | Farm |
| 12:51 | Create | Villager (Male) |
| 12:54 | Create | Villager (Male) |
| 13:02 | Build | House |
| 13:06 | Create | Mangonel |
| 13:10 | Create | Mangonel |
| 13:18 | Research | Onager (upgrade) |
| 13:19 | Create | Mangonel |
| 13:56 | Build | Lumber Camp |
| 14:36 | Research | Two-Man Saw |
| 14:36 | Research | Two-Man Saw |
| 14:36 | Research | Tech 1705 |
| 14:37 | Research | Tech 1705 |
| 14:40 | Build | Feitoria |
| 15:05 | Research | Wheelbarrow |
| 15:06 | Research | Tech 1699 |
| 15:06 | Research | Tech 1699 |
| 15:22 | Build | University |
| 15:26 | Build | Lumber Camp |
| 16:04 | Research | Town Watch |
| 16:04 | Research | Town Watch |
| 16:05 | Research | Tech 1613 |
| 16:05 | Research | Tech 1613 |
| 16:08 | Research | Hand Cart |
| 16:09 | Research | Town Patrol |
| 16:09 | Research | Town Patrol |
| 16:09 | Research | Town Patrol |
| 16:12 | Research | Tech 1700 |
| 16:12 | Research | Tech 1700 |
| 16:13 | Research | Tech 1715 |
| 16:13 | Research | Tech 1715 |
| 16:13 | Research | Tech 1715 |
| 16:13 | Research | Tech 1716 |
| 16:14 | Research | Tech 1716 |
| 16:16 | Research | Tech 1706 |
| 16:17 | Research | Tech 1706 |
| 16:48 | Build | Castle |
| 17:15 | Build | Outpost |
| 17:21 | Build | Outpost |
| 17:26 | Research | Arquebus |
| 17:27 | Research | Elite Organ Gun (upgrade) |
| 17:27 | Research | Elite Organ Gun (upgrade) |
| 17:29 | Research | Conscription |
| 17:29 | Research | Conscription |
| 17:29 | Research | Conscription |
| 17:29 | Research | Tech 1733 |
| 17:30 | Research | Tech 1733 |
| 17:30 | Research | Tech 1734 |
| 17:30 | Research | Tech 1734 |
| 17:38 | Research | Tech 1404 |
| 17:52 | Create | Organ Gun |
| 17:52 | Create | Organ Gun |
| 17:53 | Create | Organ Gun |
| 17:53 | Create | Organ Gun |
| 17:57 | Research | Tech 1733 |
| 17:58 | Create | Organ Gun |
| 17:58 | Create | Organ Gun |
| 17:58 | Create | Organ Gun |
| 17:59 | Create | Organ Gun |
| 17:59 | Create | Organ Gun |
| 17:59 | Create | Organ Gun |
| 18:00 | Create | Organ Gun |
| 18:01 | Create | Organ Gun ×5 |
| 18:01 | Create | Organ Gun ×5 |
| 18:02 | Research | Tech 1734 |
| 18:15 | Build | Castle |
| 18:19 | Research | Treadmill Crane |
| 18:20 | Research | Treadmill Crane |
| 18:20 | Research | Tech 1651 |
Match timeline
| 3:43 | OhSheeep · first_building Dock |
| 3:48 | Bionerd92 · age_up feudal |
| 3:49 | ZaySol · age_up feudal |
| 3:59 | goldinggunsandparts · age_up feudal |
| 4:40 | Tiny Hands · age_up feudal |
| 4:49 | OhSheeep · age_up feudal |
| 4:53 | ZaySol · first_market_sell 500 wood |
| 5:02 | Bionerd92 · first_market_sell 100 food |
| 5:28 | duckbuildperson · age_up feudal |
| 5:33 | NoAgendaPODCAST · age_up feudal |
| 5:51 | OhSheeep · first_market_sell 100 stone |
| 6:05 | duckbuildperson · first_market_sell 500 wood |
| 6:10 | ZaySol · first_market_buy 100 stone |
| 6:12 | NoAgendaPODCAST · first_market_sell 100 wood |
| 6:27 | goldinggunsandparts · first_market_sell 500 wood |
| 6:45 | OhSheeep · age_up castle |
| 6:55 | OhSheeep · first_building Siege Workshop |
| 6:58 | Tiny Hands · first_market_sell 100 wood |
| 7:17 | OhSheeep · first_building Monastery |
| 7:20 | ZaySol · age_up castle |
| 7:30 | cyberocioso · age_up feudal |
| 8:05 | Bionerd92 · age_up castle |
| 8:20 | Tiny Hands · age_up castle |
| 9:04 | cyberocioso · first_market_sell 500 wood |
| 10:01 | OhSheeep · age_up imperial |
| 10:01 | ZaySol · first_building Siege Workshop |
| 10:09 | duckbuildperson · age_up castle |
| 11:01 | OhSheeep · first_building Barracks |
| 11:03 | NoAgendaPODCAST · age_up castle |
| 11:18 | ZaySol · first_building Monastery |
| 11:26 | Bionerd92 · first_building Monastery |
| 11:39 | goldinggunsandparts · age_up castle |
| 11:45 | ZaySol · age_up imperial |
| 11:56 | OhSheeep · first_market_buy 100 stone |
| 12:01 | Bionerd92 · age_up imperial |
| 12:05 | NoAgendaPODCAST · tribute_sent a jugador 2 |
| 12:05 | NoAgendaPODCAST · tribute_sent a jugador 3 |
| 12:05 | NoAgendaPODCAST · tribute_sent a jugador 4 |
| 12:05 | NoAgendaPODCAST · tribute_sent a jugador 5 |
| 12:05 | NoAgendaPODCAST · tribute_sent a jugador 6 |
| 12:05 | NoAgendaPODCAST · tribute_sent a jugador 7 |
| 12:05 | NoAgendaPODCAST · tribute_sent a jugador 8 |
| 12:39 | Tiny Hands · first_building Castle |
| 13:04 | goldinggunsandparts · first_building Dock |
| 13:06 | NoAgendaPODCAST · first_building Siege Workshop |
| 13:10 | NoAgendaPODCAST · first_building Monastery |
| 13:22 | cyberocioso · age_up castle |
| 13:29 | cyberocioso · first_building Monastery |
| 13:41 | Tiny Hands · first_building Barracks |
| 14:03 | Tiny Hands · age_up imperial |
| 14:10 | Bionerd92 · first_market_buy 100 stone |
| 14:22 | duckbuildperson · first_market_buy 500 stone |
| 14:23 | goldinggunsandparts · first_building Castle |
| 14:36 | duckbuildperson · first_building Castle |
| 14:58 | NoAgendaPODCAST · tribute_sent a jugador 2 |
| 14:58 | NoAgendaPODCAST · tribute_sent a jugador 3 |
| 14:58 | NoAgendaPODCAST · tribute_sent a jugador 4 |
| 14:58 | NoAgendaPODCAST · tribute_sent a jugador 5 |
| 14:58 | NoAgendaPODCAST · tribute_sent a jugador 6 |
| 14:58 | NoAgendaPODCAST · tribute_sent a jugador 7 |
| 14:58 | NoAgendaPODCAST · tribute_sent a jugador 8 |
| 15:18 | Tiny Hands · first_building Siege Workshop |
| 15:19 | NoAgendaPODCAST · first_building Castle |
| 15:28 | NoAgendaPODCAST · age_up imperial |
| 15:45 | Bionerd92 · first_building Siege Workshop |
| 16:48 | ZaySol · first_building Castle |
| 17:21 | duckbuildperson · age_up imperial |
| 18:18 | NoAgendaPODCAST · first_building Barracks |
| 18:20 | OhSheeep · first_building Castle |
| 18:25 | cyberocioso · first_building Siege Workshop |
| 18:44 | cyberocioso · first_market_buy 500 stone |
| 18:48 | NoAgendaPODCAST · tribute_sent a jugador 2 |
| 18:48 | NoAgendaPODCAST · tribute_sent a jugador 3 |
| 18:48 | NoAgendaPODCAST · tribute_sent a jugador 4 |
| 18:48 | NoAgendaPODCAST · tribute_sent a jugador 5 |
| 18:48 | NoAgendaPODCAST · tribute_sent a jugador 6 |
| 18:48 | NoAgendaPODCAST · tribute_sent a jugador 7 |
| 18:48 | NoAgendaPODCAST · tribute_sent a jugador 8 |
| 19:00 | NoAgendaPODCAST · first_building Stable |
| 19:19 | duckbuildperson · first_building Siege Workshop |
| 19:36 | cyberocioso · age_up imperial |
| 19:41 | goldinggunsandparts · resign |
| 20:00 | cyberocioso · wall_segment Stone Wall x9 |
| 21:27 | Bionerd92 · first_building Castle |
| 22:00 | ZaySol · first_building Barracks |
| 22:13 | ZaySol · first_building Stable |
| 22:15 | ZaySol · first_building Archery Range |
| 22:44 | Bionerd92 · first_building Barracks |
| 23:05 | duckbuildperson · first_building Barracks |
| 23:24 | duckbuildperson · first_building Stable |
[ AI ANALYSIS · 1 CREDIT ]
What really happened in this match?
Wolo.gg analyzes every decision: build order, eco, micro, common mistakes by bracket. Personalized analysis on WhatsApp or Discord in 30 seconds.
Civ guide
Romans
Map guide
BAMBOO NOTHING_Paren_v4_nohills (Custom)
Perfil
Jugador #3027721